 Dungeon Crawl Stone Soup version 0.26-a0-651-gb41185065b (webtiles) character file.

Game seed: 13757824365166813113

487 Mesmaeker13 the Caller (level 6, -5/32 HPs)
             Began as a Deep Elf Summoner on Oct 2, 2020.
             Was an Initiate of Fedhas.
             Slain by a centaur (6 damage)
             ... on level 5 of the Dungeon.
             The game lasted 00:07:39 (6256 turns).

Mesmaeker13 the Caller (Deep Elf Summoner)          Turns: 6256, Time: 00:07:39

Health: -5/32      AC:  2    Str:  6    XL:     6   Next: 89%
Magic:  9/17       EV: 15    Int: 21    God:    Fedhas [......]
Gold:   184        SH:  0    Dex: 15    Spells: 11/17 levels left

rFire    . . .     SeeInvis +   d - +0 short sword
rCold    . . .     Faith    .   (no shield)
rNeg     + . .     Spirit   .   p - +0 robe {rN+}
rPois    .         Reflect  .   (no helmet)
rElec    .         Harm     .   m - scarf {shadows}
rCorr    .         Rampage  .   (no gloves)
MR       .....                  (no boots)
Stlth    ++........             (no amulet)
HPRegen  0.10/turn              s - ring of see invisible
MPRegen  0.15/turn              (no ring)

@: no status effects
A: no striking features
a: Renounce Religion


You were on level 5 of the Dungeon.
You worshipped Fedhas.
Fedhas was noncommittal.
You visited 2 branches of the dungeon, and saw 6 of its levels.

You collected 184 gold pieces.

Inventory:

Hand Weapons
 d - a +0 short sword (weapon)
 h - a +0 spear
Missiles
 c - 11 curare-tipped darts (quivered)
 k - 13 poisoned darts
Armour
 a - a +0 robe
 m - a scarf of shadows (worn)
 p - a +0 robe of positive energy (worn)
Jewellery
 s - a ring of see invisible (left hand)
Wands
 r - a wand of iceblast (14)
Scrolls
 b - a scroll of teleportation
 e - 3 scrolls of remove curse
 f - a scroll of enchant armour {unknown}
 j - 4 scrolls of blinking
 l - a scroll of fear {unknown}
 t - 2 scrolls of enchant weapon
 u - a scroll of magic mapping {unknown}
Potions
 g - a potion of flight
 n - a potion of curing
 o - a potion of magic {unknown}
 q - a potion of heal wounds {unknown}


   Skills:
 + Level 5.5 Dodging
 - Level 2.4 Stealth
 + Level 6.2 Spellcasting
 + Level 6.3 Summonings


You had 11 spell levels left.
You knew the following spells:

 Your Spells              Type           Power        Failure   Level
a - Summon Small Mammal   Summ           ###.         1%          1
b - Call Imp              Summ           ###.....     1%          2
c - Call Canine Familiar  Summ           ###.....     1%          3

Your spell library contained the following spells:

 Spells                   Type           Power        Failure   Level
 Summon Guardian Golem    Hex/Summ       #.......     8%          3
 Beastly Appendage        Tmut           #.....       10%         1
 Wereblood                Tmut           #.......     14%         2
 Summon Ice Beast         Ice/Summ       #.......     26%         4
 Summon Lightning Spire   Summ/Air       #.......     26%         4
 Spider Form              Tmut/Pois      #.........   28%         3
 Ice Form                 Ice/Tmut       #.......     67%         4
 Blade Hands              Tmut           #.........   95%         5


Dungeon Overview and Level Annotations

Branches:
Dungeon (5/15)             Temple (1/1) D:4

Altars:
Ashenzari
Cheibriados
Dithmenos
Elyvilon
Fedhas
Gozag
Hepliaklqana
Kikubaaqudgha
Makhleb
Nemelex Xobeh
Okawaru
Qazlal
Ru
Uskayaw
Vehumet
Wu Jian
Xom
Yredelemnul
The Shining One


Message History

You hit the centaur but do no damage.
The centaur is almost dead.
The centaur hits you but does no damage. x2
You hit the centaur.
The centaur is almost dead.
You feel less wooden.
Your scarf of shadows unmelds from your body.
Your +0 robe of positive energy unmelds from your body.
It gets dark.
You feel more protected from negative energy.
The centaur barely misses you.
Your crimson imp blinks!
The centaur hits you!
* * * LOW HITPOINT WARNING * * *
Unknown command.
Casting: Call Imp (safe; 1% risk of failure)
Confirm with . or Enter, or press ? or * to list all spells.
You feel a numb sensation. The centaur hits you.
You die...
Fedhas appreciates your contribution to the ecosystem.

...#.............
...#.#####.##+## ##.....
.######.##.##.###...<...
.# #..........+.$.....
.# #..........#5..$...
.+ #..........#.......
.# ##...###...#......#
.# ###+ ##.h.#......+ .#
#...5@..ยง...# .#
#...5#c.....# .#
#....#......# .#
######......# .# ......#
.# ......# .# ####### .+
.#


You could see a centaur, a friendly hound (summoned), 2 friendly crimson imps
and a friendly white imp (summoned).

Vanquished Creatures
  A hornet (D:5)
  A centaur zombie (D:5)
  An orc wizard (D:2)
  An orc priest (D:3)
  An adder (D:3)
  An adder skeleton (D:4)
  A dart slug (D:2)
  2 orcs
  A ball python (D:4)
  4 bats
  3 giant cockroaches
  3 goblins
  A hobgoblin (D:2)
  2 frilled lizards
  3 kobolds
  3 rats
29 creatures vanquished.

Vanquished Creatures (collateral kills)
  An ice beast (D:5)
  An ogre (D:4)
  2 hounds (D:5)
  A hound zombie (D:4)
  6 adders
  An ooze (D:5)
  2 worms
  A dart slug (D:3)
  A leopard gecko (D:3)
  7 orcs
  5 bats
  2 giant cockroaches (D:1)
  2 goblins
  7 hobgoblins
  A jackal (D:4)
  2 quokkas (D:3)
  A ball python (D:4)
  5 kobolds
  3 rats
51 creatures vanquished.

Grand Total: 80 creatures vanquished

Notes
Turn   | Place    | Note
-------+----------+-------------------------------------------
     0 | D:1      | Mesmaeker13 the Deep Elf Summoner began the quest for the
                  | Orb.
     0 | D:1      | Reached XP level 1. HP: 10/10 MP: 6/6
   635 | D:1      | Reached XP level 2. HP: 10/15 MP: 6/8
  1391 | D:2      | Learned a level 2 spell: Call Imp
  1852 | D:2      | Reached XP level 3. HP: 19/19 MP: 1/10
  2109 | D:2      | You fall into a shaft and drop 1 floor!
  2112 | D:3      | Found a sparkling altar of Nemelex Xobeh.
  2331 | D:3      | Noticed a fire elemental
  2332 | D:3      | Found a stormy altar of Qazlal.
  2550 | D:3      | Noticed a water elemental
  2643 | D:3      | Noticed an air elemental
  2777 | D:3      | Noticed an earth elemental
  2786 | D:3      | Found a burning altar of Makhleb.
  2788 | D:3      | Noticed a blizzard demon
  2907 | D:3      | Reached skill level 5 in Summonings
  3221 | D:3      | Reached XP level 4. HP: 24/24 MP: 9/12
  3939 | D:2      | Noticed a centaur
  4064 | D:4      | Learned a level 3 spell: Call Canine Familiar
  4077 | D:4      | Reached XP level 5. HP: 16/28 MP: 11/14
  4426 | D:4      | Noticed an ogre
  4444 | D:4      | Killed an ogre
  4444 | D:4      | Reached skill level 5 in Spellcasting
  4593 | D:4      | Found an opulent altar of Gozag.
  4819 | D:4      | Found a staircase to the Ecumenical Temple.
  4827 | Temple   | Entered the Ecumenical Temple
  4860 | Temple   | Became a worshipper of Fedhas Madash
  5197 | D:5      | Entered Level 5 of the Dungeon
  5249 | D:5      | Noticed an ice beast
  5273 | D:5      | Killed an ice beast
  5273 | D:5      | Reached XP level 6. HP: 23/32 MP: 5/16
  6024 | D:5      | Reached skill level 5 in Dodging
  6224 | D:5      | Noticed a hornet
  6241 | D:5      | Paralysed by a hornet for 3 turns
  6252 | D:5      | Killed a hornet
  6255 | D:5      | HP: 1/32 [centaur (9)]
  6256 | D:5      | Slain by a centaur

Illustrated notes

Levels and vault maps discovered:
D:1:      minmay_arrival_widening_spiral_wide, layout_basic, fountainhead
D:2:      mumra_celtic_spiral_tile, layout_rooms
D:3:      cheibrodos_pilgrimage, layout_basic, makhleb_altar_promises_db,
          nemelex_xobeh_ov_fountains_minmay, nicolae_qazlal_style_of_elements
D:4:      layout_gridville, grunt_gozag_statues, temple_fountains, st_stairs_6,
          kennysheep_generic_room_2
D:5:      layout_gridville, minivault_1
Temple:   nicolae_temple_elliptical

Skill      XL: |  1  2  3  4  5  6 |
---------------+-------------------+-----
Dodging        | 3 4 5 |  5.5
Spellcasting   | 4 5 6 |  6.2
Summonings     | 5 6 |  6.3
Stealth        | |  2.4

Action                   |  1- 3 |  4- 6 || total
-------------------------+-------+-------++-------
Melee: Short sword       |    85 |   115 ||   200
       Unarmed           |     7 |       ||     7
Throw: Dart              |     3 |     3 ||     6
 Cast: Summon Small Mamm |    19 |       ||    19
       Call Imp          |    34 |    22 ||    56
       Call Canine Famil |       |    15 ||    15
Evoke: Wand              |       |     8 ||     8
  Use: Scroll            |     3 |     3 ||     6
       Potion            |       |     4 ||     4
 Stab: Sleeping          |     6 |     2 ||     8
       Distracted        |       |     3 ||     3
       Paralysed         |       |     2 ||     2
Armor: Robe              |    14 |    18 ||    32
       Skin              |       |    26 ||    26
Dodge: Dodged            |    93 |    95 ||   188

Table legend: (Time is in decaauts)
 A = Elapsed time spent in this place.
 B = Non-inter-level travel time spent in this place.
 C = Inter-level travel time spent in this place.
 D = Time resting spent in this place.
 E = Time spent auto-exploring this place.
 F = Levels seen in this place.
 G = Mean time per level.
                   A        B        C        D        E       F      G
               +--------+--------+--------+--------+--------+-----+--------+
         Total |   6276 |   6195 |     81 |   1513 |   3843 |   6 | 1046.0 |
       Dungeon |   6105 |   6046 |     59 |   1513 |   3707 |   5 | 1221.0 |
        Temple |    170 |    148 |     22 |      0 |    136 |   1 |  170.0 |
               +--------+--------+--------+--------+--------+-----+--------+

Top non-repeatable levels by time:
     D:3: 1627 daAuts
     D:1: 1351 daAuts
     D:2: 1093 daAuts
     D:5: 1063 daAuts
     D:4: 970 daAuts
  Temple: 170 daAuts
